 Dungeon Crawl Stone Soup version 0.32-a0-120-gfac0567ad4 (webtiles) character file.

Game seed: 7783129543857274267

499582 ragingrage the Acrobat (level 23, -2/168 HPs)
             Began as a Vampire Hunter on Feb 6, 2024.
             Was the Champion of Hepliaklqana.
             Killed from afar by a black draconian (44 damage)
             ... with a bolt of lightning
             ... led by a purple draconian shifter
             ... on level 4 of the Realm of Zot on Feb 7, 2024.
             The game lasted 01:55:49 (39335 turns).

ragingrage the Acrobat (Vampire Hunter)            Turns: 39335, Time: 01:55:49

Health: -2/168     AC: 21    Str:  6    XL:     23   Next: 5%
Magic:  18/27      EV: 34    Int: 13    God:    Hepliaklqana [******]
Gold:   4283       SH:  0    Dex: 28    Spells: 16/32 levels left

rFire   + . .        a - +8 longbow (freeze)
rCold   + . .        (shield currently unavailable)
rNeg    + . .        d - +3 leather armour "Xumed" {rC+ rN+}
rPois   +            O - +2 helmet
rElec   .            x - +3 cloak of the Damp God {Regen+ rCorr}
rCorr   +            Z - +1 pair of gloves of the Burnt God {Rampage Slay+3}
SInv    +            g - +2 pair of boots
Will    +++..        e - amulet "Pouwkeet" {rPois Will+ Regen+ Dex+3}
Stlth   +++++        z - ring of protection from fire
HPRegen 2.28/turn    S - +4 ring of slaying
MPRegen 0.20/turn

%: rampage
@: death channelling, fugue, healing quickly, hasted and slowed
A: reduced essence, alive, fangs 3, see invisible, vampiric 2, iridescent scales
1, clumsy 1, low MP 1, weak 2, sturdy frame 1
}: 3/15 runes: decaying, silver, gossamer
a: Exsanguinate, Renounce Religion, Recall Ancestor, Ancestor Identity,
Transference, Idealise


You were on level 4 of the Realm of Zot.
You worshipped Hepliaklqana.
Hepliaklqana was exalted by your worship.
You visited 9 branches of the dungeon, and saw 46 of its levels.
You also visited: Bailey and Ice Cave.

You collected 5809 gold pieces.
You spent 1526 gold pieces at shops.

Inventory:

Hand Weapons
 a - a +8 longbow of freezing (weapon)
Missiles
 u - 9 curare-tipped darts
Armour
 d - the +3 leather armour "Xumed" (worn) {rC+ rN+}
   (You took it off a deep elf death mage on level 3 of the Elven Halls)

   rC+:       It protects you from cold.
   rN+:       It protects you from negative energy.
 g - a +2 pair of boots (worn)
 x - the +3 cloak of the Damp God (worn) {Regen+ rCorr}
   (You found it on level 7 of the Dungeon)

   Regen+:    It increases your rate of health regeneration.
   rCorr:     It protects you from acid and corrosion.
 O - a +2 helmet (worn)
 Q - a scarf of resistance
 Z - the +1 pair of gloves of the Burnt God (worn) {Rampage Slay+3}
   (You found it on level 3 of the Vaults)

   Slay+3:    It affects your accuracy & damage with ranged weapons and melee
   (+3).
   Rampage:   It bestows one free step when moving towards enemies.
Jewellery
 e - the amulet "Pouwkeet" (around neck) {rPois Will+ Regen+ Dex+3}
   (You found it in an ice cave)

   [amulet of regeneration]

   Dex+3:     It affects your dexterity (+3).
   rPois:     It protects you from poison Will+: It increases your willpower.
   Regen+:    It increases your rate of health regeneration.
 q - a +5 ring of evasion
 z - a ring of protection from fire (left hand)
 S - a +4 ring of slaying (right hand)
 U - the amulet of Remeum {RegenMP Will+ Regen+ Slay+3}
   (You took it off a yaktaur captain on level 12 of the Dungeon)

   [amulet of magic regeneration]

   RegenMP:   It increases your rate of magic regeneration.
   Slay+3:    It affects your accuracy & damage with ranged weapons and melee
   (+3).
   Will+:     It increases your willpower.
   Regen+:    It increases your rate of health regeneration.
Wands
 G - a wand of charming (21)
 H - a wand of light (17)
 I - a wand of iceblast (27)
 V - a wand of digging (27)
 X - a wand of mindburst (30)
Scrolls
 b - a scroll of amnesia
 f - 3 scrolls of blinking
 k - a scroll of revelation
 l - 5 scrolls of fear
 m - 14 scrolls of teleportation
 n - 10 scrolls of noise
 o - 7 scrolls of vulnerability
 p - a scroll of butterflies
 A - 4 scrolls of fog
 B - a scroll of immolation
 D - 4 scrolls of silence
 R - 5 scrolls of poison
 W - 7 scrolls of enchant armour
Potions
 c - 4 potions of heal wounds
 h - 7 potions of ambrosia
 j - 4 potions of attraction
 s - 10 potions of magic
 t - 2 potions of cancellation
 v - 5 potions of might
 w - 5 potions of haste
 y - 5 potions of mutation
 C - 6 potions of brilliance
 E - 2 potions of invisibility
 K - 9 potions of curing
 L - 4 potions of enlightenment
 M - 4 potions of lignification
 P - 2 potions of resistance
Miscellaneous
 r - a sack of spiders
 F - a phial of floods
 J - a tin of tremorstones (1/2)
 T - a lightning rod (4/4)
 Y - a phantom mirror


   Skills:
 - Level 17.0 Fighting
 - Level 20.0 Ranged Weapons
 - Level 5.5 Armour
 - Level 21.0 Dodging
 - Level 10.0 Stealth
 - Level 5.0 Spellcasting
 - Level 15.0 Necromancy
 - Level 9.0 Earth Magic
 + Level 9.3 Invocations
 + Level 12.8 Evocations


You had 16 spell levels left.
You knew the following spells:

 Your Spells              Type           Power      Damage    Failure   Level
a - Death Channel         Necr           21%        N/A       6%          6
b - Fugue of the Fallen   Necr           42%        N/A       1%          3
c - Borgnjor's Vile Clut  Necr/Erth      17%        N/A       4%          5
d - Blink                 Tloc           6%         N/A       30%         2

Your spell library contained the following spells:

 Spells                   Type           Power      Damage    Failure   Level
 Vampiric Draining        Necr           42%        2d9       1%          3
 Animate Dead             Necr           42%        N/A       1%          4
 Cigotuvi's Dreadful Rot  Necr/Alch/Air  32%        N/A       3%          2
 Foxfire                  Conj/Fire      12%        2x1d4     21%         1
 Magic Dart               Conj           12%        1d3       21%         1
 Shock                    Conj/Air       12%        1d3       21%         1
 Slow                     Hex            12%        N/A       21%         1
 Call Imp                 Summ           6%         N/A       30%         2
 Lesser Beckoning         Tloc           6%         N/A       30%         2
 Momentum Strike          Conj/Tloc      6%         3d8       30%         2
 Scorch                   Fire           6%         2d5       30%         2
 Static Discharge         Conj/Air       6%         3-4/arc   30%         2
 Brom's Barrelling Bould  Conj/Erth      14%        2d4       30%         4
 Confusing Touch          Hex            3%         N/A       52%         3
 Frozen Ramparts          Ice            6%         1d1       52%         3
 Gell's Gravitas          Tloc           3%         N/A       52%         3
 Hailstorm                Conj/Ice       3%         3d5       52%         3
 Ozocubu's Armour         Ice            3%         N/A       52%         3
 Sigil of Binding         Hex            3%         N/A       52%         3
 Swiftness                Air            3%         N/A       52%         3
 Teleport Other           Tloc           3%         N/A       52%         3
 Volatile Blastmotes      Fire/Tloc      6%         2d10      52%         3
 Airstrike                Air            1%         2d(1-17)  89%         4
 Cause Fear               Hex            1%         N/A       89%         4
 Flame Wave               Conj/Fire      3%         2d5       89%         4
 Fulminant Prism          Conj/Alch      1%         3d5       89%         4
 Ignite Poison            Fire/Alch      3%         N/A       89%         4
 Iskenderun's Mystic Bla  Conj/Tloc      3%         2d3       89%         4
 Manifold Assault         Tloc           3%         N/A       89%         4
 Sticky Flame             Fire/Alch      3%         2d4       89%         4
 Summon Lightning Spire   Summ/Air       3%         N/A       89%         4
 Vhi's Electric Charge    Tloc/Air       6%         N/A       89%         4
 Infestation              Necr           21%        N/A       95%         8
 Arcjolt                  Conj/Air       1%         1d11      99%         5
 Fireball                 Conj/Fire      1%         3d3       99%         5
 Freezing Cloud           Conj/Ice/Air   1%         6-21      99%         5
 Iskenderun's Battlesphe  Conj           3%         2d6       99%         5
 Summon Forest            Summ/Tloc      1%         N/A       99%         5
 Summon Mana Viper        Hex/Summ       3%         N/A       99%         5
 Conjure Ball Lightning   Conj/Air       1%         3x3d6     100%        6
 Dispersal                Tloc           1%         N/A       100%        6
 Plasma Beam              Fire/Air       1%         2x1d11    100%        6
 Sculpt Simulacrum        Ice/Alch       1%         N/A       100%        6
 Starburst                Conj/Fire      1%         6d3       100%        6
 Summon Cactus Giant      Summ           1%         N/A       100%        6
 Haunt                    Necr/Summ      11%        N/A       100%        7
 Orb of Destruction       Conj           1%         9d5       100%        7
 Ozocubu's Refrigeration  Ice            1%         4d7       100%        7
 Dragon's Call            Summ           1%         N/A       100%        9
 Polar Vortex             Ice            1%         N/A       100%        9


Dungeon Overview and Level Annotations

Branches:
Dungeon (15/15)            Temple (0/1) D:4            Lair (5/5) D:8
  Swamp (4/4) Lair:2       Spider (4/4) Lair:3        Slime (0/5) Lair:5
    Orc (2/2) D:12            Elf (3/3) Orc:2        Vaults (5/5) D:13
 Depths (4/4) D:15            Zot (4/5) Depths:4     Bailey (visited)
  IceCv (visited)
  Crypt: Vaults:2-3

Altars:
Ashenzari
Cheibriados
Fedhas
Gozag
Hepliaklqana
Kikubaaqudgha
Okawaru
Sif Muna
Trog
Vehumet
Wu Jian
Jiyva

Shops:
D:5 [   D:6 :   Orc:2 :(!:   Depths:3 !*

Portals:
Hell: Depths:4
Abyss: D:15 Depths:4
Pandemonium: Depths:4

Annotations:
D:1 exclusion: downstairs
D:11 exclusion: downstairs
D:14 exclusions: 39 doors and 3 hell hogs
D:15 2 transporters, DeathSocks's ghost, adept VSBr
Vaults:3 Mennas
Vaults:4 Zenata
Zot:2 exclusions: downstairs and upstairs
Zot:3 Tiamat


Innate Abilities, Weirdness & Mutations

Your life essence is reduced to manifest your ancestor. (-10% HP)
Your natural rate of healing is accelerated.
You have razor-sharp teeth.
You have supernaturally acute eyesight. (SInv)
You are afflicted with vampirism and can become a bat while bloodless.
You are partially covered in iridescent scales. (AC +2)
You are clumsy. (Dex -2)
Your magical capacity is low. (-10% MP)
You are very weak. (Str -4)
Your movements are slightly less encumbered by armour. (ER -2)


Message History

The black draconian blinks!
The white draconian blinks!
Casting: Fugue of the Fallen (safe; 1% risk of failure) Malign forces permeate your being, awaiting release.
Your death cob hits the white draconian but does no damage.
Your death cob completely misses the white draconian.
The white draconian completely misses you.
Londisizwe gestures wildly while chanting.
Londisizwe seems to speed up.
The black draconian breathes lightning at you.
The bolt of lightning misses you.
Londisizwe blocks the purple draconian shifter's attack.
Unknown command.
Casting: Death Channel (dangerous; 6% risk of failure)
You call out to the remnants of the fallen!
Your death cob barely misses the white draconian.
Your death cob hits the white draconian!
Your death cob drains the white draconian's vigour!
The white draconian seems to slow down.
Londisizwe closely misses the purple draconian shifter.
The white draconian completely misses you.
Your death cob completely misses the white draconian.
The black draconian breathes lightning at you.
The bolt of lightning hits you!!!
* * * LOW HITPOINT WARNING * * *
The purple draconian shifter mumbles some strange words.
The purple draconian shifter blinks!
Unknown command.
You shoot an arrow. The arrow hits the black draconian.
The arrow freezes the black draconian.
Your death cob hits the white draconian!!
Your death cob hits the white draconian.
Your death cob drains the white draconian's vigour!
The white draconian seems to slow down.
The white draconian breathes frost at your death cob.
The blast of cold hits your death cob.
Your death cob resists.
The black draconian breathes lightning at you.
The bolt of lightning hits you!!!
You die...
Hepliaklqana delivers you to your ancestors.

*,,,,,........<.#+####*,,,,,,,,,,
*,,,,,########'##..##.##+********
*,,,,,#######...)......[,,,*,,,,,
*,,,,,#######...........,,,*,,,,,
*,,,,,#######...........,,,*,,,,,
*,,,,,#######q..........,,,*,,,,,
*,,,,,*######.....R.....,,,*,,,,,
*,,,,,* #...zd..ยง...,,<*,,,,,
*,,,,,* #..d@.$.....,,,*,,,,,
*,,,,,* ############*********
*******


You could see the friendly Londisizwe the knight (fast, reflecting), a black
draconian (catching breath), a white draconian (distracted, slow, catching
breath, ally target), a purple draconian shifter (ally target) and a friendly
death cob (charmed).

Vanquished Creatures
  A dread lich (Vaults:5)
  4 ancient liches (Vaults:5)
  2 orbs of fire
  A juggernaut (Depths:4)
  6 golden dragons
  Nikola (Vaults:1)
  2 tentacled monstrosities
  2 electric golems (Zot:3)
  2 deep elf master archers (Elf:3)
  2 deep elf blademasters (Elf:3)
  A titan (Vaults:5)
  4 quicksilver dragons
  Gastronok (D:11)
  5 death cobs
  A sphinx (Depths:4)
  3 tengu reavers
  4 storm dragons
  2 fire giants
  4 shadow dragons
  A draconian monk (Zot:3)
  An azure jelly (Swamp:4)
  A draconian shifter (Zot:3)
  3 protean progenitors
  5 fenstrider witches
  4 emperor scorpions
  A draconian knight (Depths:4)
  4 deep elf sorcerers
  Louise (D:15)
  4 frost giants
  3 balrugs (Zot:1)
  An iron dragon (Depths:4)
  8 vault wardens
  5 draconian scorchers
  5 ghost moths
  2 draconian annihilators
  An orc warlord (Vaults:3)
  8 stone giants
  2 deep elf elementalists
  2 broodmothers
  8 very ugly things
  A spriggan defender (Depths:2)
  An ironbound thunderhulk (Vaults:4)
  12 ironbound preservers
  3 green draconians (Zot:3)
  A caustic shrike skeleton (Depths:4)
  9 deep elf annihilators
  The ghost of Suamaseekk the Thaumaturge, a journeyman DsAl of Kikubaaqudgha (D:13)
  A white draconian (Zot:4)
  6 vampire knights
  6 deep elf demonologists
  3 war gargoyles (Vaults:5)
  6 eleionomae
  3 black draconians (Zot:3)
  6 purple draconians
  4 red draconians (Zot:3)
  8 deep elf death magi
  2 yellow draconians
  3 dire elephants (Vaults:2)
  4 bunyips
  4 spark wasps
  Snorg (D:11)
  7 yaktaur captains
  8 fire dragons
  6 entropy weavers
  2 ettins (Vaults:5)
  A jiangshi (Depths:4)
  4 great orbs of eyes
  4 deep elf high priests
  23 vault guards
  10 hydras
  3 rakshasas
  A spriggan air mage (Depths:4)
  Erolcha (D:10)
  2 centaur warriors (D:14)
  2 ghost crabs (Swamp:4)
  4 ogre magi
  4 jorogumos
  8 ice dragons
  4 alligators
  3 catoblepae
  2 radroaches
  2 ironbound frosthearts (Vaults:2)
  10 two-headed ogres
  6 dancing weapons
  2 tengu warriors
  8 deep troll earth magi
  3 vampire magi
  8 boulder beetles
  8 death scarabs
  2 deep troll shamans
  9 death yaks
  3 occultists
  Urug (Lair:5)
  4 demonic crawlers
  4 spriggan berserkers
  6 deep elf knights
  An orc high priest (Vaults:3)
  3 hell knights
  A skyshark (shapeshifter) (Depths:4)
  3 skysharks
  3 fire crabs (Zot:1)
  A shadow wraith (Vaults:5)
  25 deep trolls
  An orange crystal statue (IceCv)
  7 pharaoh ants
  4 goliath frogs
  3 spriggan druids
  3 orb spiders
  A sea snake (shapeshifter) (Depths:4)
  A swamp dragon (Swamp:3)
  2 glowing orange brains (Depths:4)
  12 ironbound convokers
  The ghost of Azoth the Cruncher, a novice TeGl of Wu Jian (D:7)
  8 phantasmal warriors
  A bog body (Lair:2)
  A spectral wolf spider (Spider:4)
  5 steelbarb worms
  2 steelbarb worms (shapeshifter)
  A lindwurm (Vaults:1)
  8 deep elf archers
  21 deep elf pyromancers
  6 necromancers
  3 harpies (Vaults:5)
  15 deep elf zephyrmancers
  11 orc sorcerers
  22 ugly things
  4 orc knights (Vaults:3)
  An oklob plant (Lair:1)
  A will-o-the-wisp (Swamp:4)
  15 wolf spiders
  A faun (shapeshifter) (Depths:2)
  5 cyclopes
  2 elephants
  13 moths of wrath
  A black mamba (shapeshifter) (Vaults:5)
  5 manticores
  3 kobold blastminers (Orc:1)
  An orange demon (D:11)
  11 torpor snails
  3 black mambas
  5 vault sentinels
  A cane toad (shapeshifter) (Vaults:5)
  A centaur skeleton (D:15)
  8 cane toads
  A komodo dragon (shapeshifter) (Vaults:5)
  7 freezing wraiths
  3 komodo dragons
  An unseen horror (shapeshifter) (D:14)
  29 yaktaurs
  Psyche (D:11)
  A rime drake (Lair:1)
  An efreet (D:13)
  An anaconda simulacrum (IceCv)
  4 tengu conjurers
  2 redback zombies (Spider:4)
  2 trolls (shapeshifter)
  6 trolls
  A polar bear (Lair:5)
  A spectral culicivora (Spider:4)
  A queen bee (shapeshifter) (D:15)
  2 bloated husks
  Grinder (D:5)
  6 hornets
  6 tyrant leeches
  Prince Ribbit (Bailey)
  10 blink frogs
  2 spectral jumping spiders (Spider:4)
  2 alligator simulacra (IceCv)
  A jumping spider zombie (Spider:4)
  A polar bear (shapeshifter) (D:13)
  10 tarantellas
  A culicivora zombie (Spider:4)
  A blink frog (shapeshifter) (Depths:4)
  A tarantella zombie (Spider:4)
  A glass eye (Depths:3)
  7 dream sheep
  27 jumping spiders
  3 shadows
  13 culicivoras
  2 spriggans (Swamp:1)
  3 water elementals
  2 air elementals
  12 slime creatures
  A culicivora (shapeshifter) (D:13)
  5 wyverns
  3 basilisks
  6 wraiths
  A dire elephant simulacrum (IceCv)
  A fire elemental (Elf:1)
  37 yaks
  9 humans
  24 redbacks
  2 swamp worm simulacra (Swamp:4)
  4 wargs (Orc:2)
  2 vampire mosquitoes (Swamp:3)
  2 steam dragons
  Edmund (D:5)
  12 hydra simulacra (Swamp:4)
  2 acid dragons
  8 swamp worms
  8 water moccasins
  4 black bears
  17 orc warriors
  2 sky beasts (D:8)
  A laughing skull (Vaults:3)
  6 wolves
  2 ettin simulacra (IceCv)
  13 ogres
  12 centaurs
  2 phantoms
  4 kobold brigands (D:9)
  A gnoll sergeant (D:8)
  10 bullfrogs
  A scorpion (D:5)
  6 earth elementals
  11 wights
  2 lindwurm simulacra (IceCv)
  A water moccasin skeleton (D:3)
  3 electric eels
  4 howler monkeys
  2 bullfrog skeletons (D:3)
  A hound (D:4)
  3 jellies
  4 bombardier beetles
  3 gnoll boudas
  8 orc priests
  Ijyb (D:3)
  Terence (D:3)
  2 iguanas (D:5)
  Natasha (thrice) (D:3)
  27 orc wizards
  The ghost of EnigmaSakura the Shield-Bearer, a weakling TrFi (D:3)
  27 gnolls
  7 adders
  6 swamp drake simulacra (Swamp:4)
  2 ribbon worms (D:2)
  2 dart slugs
  49 orcs
  4 ball pythons
  10 endoplasms
  A giant cockroach (D:3)
  14 goblins
  21 hobgoblins
  3 jackals
  26 kobolds
  4 quokkas
  9 bats
  4 frilled lizards
  4 rats
  2 aspiring fleshes
1293 creatures vanquished.

Vanquished Creatures (collateral kills)
  A Killer Klown (Zot:3)
  2 golden dragons
  A caustic shrike (Depths:4)
  Norris (Vaults:2)
  A bone dragon (Zot:3)
  2 tentacled monstrosities
  Rupert (D:14)
  A quicksilver dragon (Zot:1)
  A death cob (Zot:1)
  2 protean progenitors
  2 tengu reavers (Vaults:5)
  A draconian monk (Zot:2)
  2 storm dragons
  A fire giant (Depths:4)
  An iron dragon (Depths:4)
  An emperor scorpion (Spider:3)
  A draconian shifter (Zot:4)
  2 deep elf sorcerers (Depths:4)
  A vault warden (Vaults:4)
  A deep elf elementalist (Elf:1)
  3 ghost moths
  A spriggan defender (Depths:2)
  An orc warlord (Vaults:3)
  4 ironbound preservers (Vaults:5)
  7 stone giants
  2 vampire knights
  3 very ugly things
  A deep elf annihilator (Elf:3)
  2 yellow draconians
  A white draconian (Zot:2)
  A black draconian (Zot:2)
  A spark wasp (Spider:1)
  2 war gargoyles
  An ettin (Depths:2)
  A fire dragon (Depths:4)
  A great orb of eyes (Depths:4)
  A deep elf high priest (Vaults:5)
  An entropy weaver (Depths:4)
  3 ice dragons (Depths:4)
  A peacekeeper (Vaults:4)
  An ogre mage (Vaults:4)
  2 hydras (Swamp:3)
  2 spriggan air magi (Depths:2)
  5 vault guards (Vaults:5)
  A catoblepas (Lair:5)
  An ironbound frostheart (Vaults:1)
  A centaur warrior (D:12)
  2 alligators (Swamp:2)
  7 two-headed ogres
  A rakshasa (Depths:4)
  A boulder beetle (D:12)
  2 deep troll earth magi
  4 death yaks (Lair:5)
  A deep troll shaman (Depths:4)
  2 orc high priests (Vaults:3)
  2 dancing weapons (Elf:3)
  Nergalle (Orc:2)
  4 spriggans
  A fire crab (Zot:1)
  2 hell knights (Depths:2)
  Amaemon (D:11)
  2 deep elf knights
  3 skysharks (Vaults:2)
  A goliath frog (Swamp:2)
  A spriggan druid (Swamp:3)
  6 deep trolls
  A lindwurm (Vaults:1)
  2 glowing orange brains (Depths:4)
  An arcanist (Vaults:1)
  2 orb spiders
  3 phantasmal warriors
  4 deep elf pyromancers
  3 deep elf zephyrmancers
  A steelbarb worm (Spider:3)
  11 ugly things
  A broodmother zombie (Spider:4)
  3 orc knights
  3 necromancers
  A deep elf archer (Elf:2)
  A wolf spider (Spider:4)
  A salamander (shapeshifter) (D:12)
  2 manticores
  2 cyclopes (D:10)
  5 elephants
  A moth of wrath (Zot:3)
  A centaur zombie (D:15)
  2 slime creatures
  2 black mambas
  A vault sentinel (Vaults:5)
  A water nymph (shapeshifter) (Vaults:5)
  6 cane toads
  A torpor snail (Zot:3)
  4 yaktaurs
  A redback zombie (Spider:4)
  A komodo dragon (Lair:5)
  A centaur skeleton (D:15)
  A yaktaur (shapeshifter) (D:13)
  A freezing wraith (IceCv)
  2 trolls
  2 spectral jumping spiders (Spider:4)
  A spectral tarantella (Spider:4)
  A hornet (Swamp:1)
  3 tyrant leeches
  3 blink frogs
  A wolf spider simulacrum (D:15)
  A tarantella (Spider:4)
  A tarantella zombie (Spider:4)
  A raiju (shapeshifter) (D:12)
  7 dream sheep
  4 jumping spiders
  A water elemental (Elf:1)
  2 culicivoras
  A wyvern (D:9)
  11 yaks
  A hog (shapeshifter) (Depths:4)
  A human (Bailey)
  3 basilisks
  6 redbacks
  2 vampire mosquitoes (D:12)
  2 swamp worms
  4 water moccasins
  A hydra simulacrum (Swamp:4)
  3 orc warriors
  A black bear (D:6)
  5 ogres
  A centaur (D:11)
  4 wolves (Lair:2)
  6 bullfrogs
  A gnoll sergeant (D:6)
  2 kobold brigands
  3 wights
  3 hounds
  A gnoll bouda (D:6)
  4 orc wizards
  7 gnolls
  12 orcs
  A kobold (D:9)
  An aspiring flesh (Zot:2)
  A butterfly (Lair:2)
310 creatures vanquished.

Vanquished Creatures (others)
  A spriggan defender (Depths:4)
  A spark wasp (Spider:3)
  A fire dragon (Zot:3)
  2 yaktaur captains (Vaults:5)
  A moth of wrath (Zot:4)
  A yaktaur (Vaults:3)
  A tengu conjurer (Depths:4)
  50 knights
  12 ancestors
  A kobold (D:9)
  2 foxfires (Swamp:4)
73 creatures vanquished.

Grand Total: 1676 creatures vanquished

Notes
Turn   | Place    | Note
-------+----------+-------------------------------------------
     0 | D:1      | ragingrage the Vampire Hunter began the quest for the Orb.
     0 | D:1      | Reached XP level 1. HP: 16/16 MP: 1/1
    79 | D:1      | Found a faded altar of an unknown god.
   102 | D:1      | Reached XP level 2. HP: 22/22 MP: 2/2
   375 | D:1      | Gained mutation: You are afflicted with vampirism and can
                  | become a bat while bloodless. [Vampire growth]
   375 | D:1      | Reached XP level 3. HP: 27/27 MP: 3/3
  1083 | D:2      | Reached XP level 4. HP: 11/33 MP: 4/4
  1408 | D:2      | Reached skill level 5 in Ranged Weapons
  1826 | D:3      | Found a runed translucent gate.
  1826 | D:3      | Found a runed translucent gate.
  1826 | D:3      | Found a runed translucent gate.
  1827 | D:3      | Noticed EnigmaSakura's ghost (weakling TrFi)
  1911 | D:3      | Noticed Ijyb
  1941 | D:3      | Noticed Terence
  2151 | D:3      | Reached XP level 5. HP: 19/38 MP: 5/5
  2156 | D:3      | Gained mutation: You are partially covered in iridescent
                  | scales. (AC +2) [potion of mutation]
  2156 | D:3      | Gained mutation: You are clumsy. (Dex -2) [potion of
                  | mutation]
  2156 | D:3      | Gained mutation: Your movements are slightly less
                  | encumbered by armour. (ER -2) [potion of mutation]
  2340 | D:3      | Noticed Natasha
  2692 | D:3      | Found a hazy altar of Hepliaklqana.
  3283 | D:3      | Became a worshipper of Hepliaklqana the Forgotten
  3401 | D:4      | Found a staircase to the Ecumenical Temple.
  3490 | D:4      | Reached XP level 6. HP: 44/44 MP: 6/6
  4148 | D:4      | Found a shimmering blue altar of Sif Muna.
  4269 | D:5      | Entered Level 5 of the Dungeon
  4336 | D:5      | Noticed Grinder
  4445 | D:4      | Reached XP level 7. HP: 20/49 MP: 7/7
  4561 | D:5      | Noticed Edmund
  4793 | D:5      | Reached * piety under Hepliaklqana
  4867 | D:5      | Killed Grinder
  4906 | D:5      | Found a broken altar of Ashenzari.
  5050 | D:5      | Reached XP level 8. HP: 52/52 MP: 8/8
  5199 | D:5      | Killed Edmund
  5255 | D:5      | Identified the +7 whip "Nesm" {pain, Str+5 Int+2}
  5318 | D:5      | Found Moinoihi's Antique Armour Shoppe.
  5602 | D:6      | Found a blossoming altar of Fedhas.
  6113 | D:6      | Found Jet Fud's Book Shop.
  6129 | D:6      | Found a bloodstained altar of Trog.
  6300 | D:6      | Reached skill level 10 in Ranged Weapons
  6300 | D:6      | Reached XP level 9. HP: 50/58 MP: 9/9
  7018 | D:7      | Found an opulent altar of Gozag.
  7144 | D:7      | Noticed Azoth's ghost (novice TeGl)
  7145 | D:7      | Found a runed translucent door.
  7147 | D:7      | Reached ** piety under Hepliaklqana
  7210 | D:7      | Identified the +3 cloak of the Damp God {Regen+ rCorr}
  7343 | D:5      | Bought a pair of dazzling gloves for 256 gold pieces
  7343 | D:5      | Identified the +0 pair of gloves of the Pit {*Slow rC+
                  | Dex+4} (You bought it in a shop on level 5 of the Dungeon)
  8067 | D:8      | Found a staircase to the Lair.
  8099 | D:8      | Found a flagged portal.
  8108 | Bailey   | Entered a bailey
  8209 | Bailey   | Reached XP level 10. HP: 32/63 MP: 10/10
  8354 | Bailey   | Noticed Prince Ribbit
  8354 | Bailey   | Noticed a vault guard
  8361 | Bailey   | Killed Prince Ribbit
  8364 | Bailey   | Killed a vault guard
  8421 | Bailey   | Noticed a vault guard
  8445 | Bailey   | Killed a vault guard
  9232 | D:9      | Reached *** piety under Hepliaklqana
  9254 | D:9      | Noticed a rakshasa
  9254 | D:9      | Noticed a cyclops
  9257 | D:9      | Noticed a manticore
  9258 | D:9      | Noticed a manticore
  9261 | D:9      | Remembered your ancestor Londisizwe as a knight
  9495 | D:9      | Noticed a two-headed ogre
  9500 | D:9      | Noticed a two-headed ogre
  9501 | D:9      | Killed a two-headed ogre
  9505 | D:9      | Killed a manticore
  9506 | D:9      | Reached XP level 11. HP: 69/69 MP: 11/11
 10115 | Lair:1   | Entered Level 1 of the Lair of Beasts
 10162 | Lair:1   | Reached skill level 1 in Invocations
 10189 | Lair:1   | Reached skill level 3 in Dodging
 10458 | Lair:1   | Reached skill level 4 in Dodging
 10490 | Lair:1   | Reached skill level 5 in Fighting
 10762 | Lair:1   | Noticed an oklob plant
 10878 | Lair:1   | Killed an oklob plant
 11136 | Lair:2   | Noticed a five-headed hydra
 11157 | Lair:1   | Reached skill level 15 in Ranged Weapons
 11366 | Lair:2   | Reached **** piety under Hepliaklqana
 11397 | Lair:2   | Reached skill level 5 in Dodging
 11521 | Lair:2   | Reached XP level 12. HP: 77/77 MP: 14/14
 11658 | Lair:2   | Killed a five-headed hydra
 12453 | Lair:3   | Found a snail-covered altar of Cheibriados.
 12772 | Lair:3   | Reached ***** piety under Hepliaklqana
 12789 | Lair:3   | Found a hole to the Spider Nest.
 13142 | Lair:4   | Noticed an eight-headed hydra
 13334 | Lair:4   | Reached XP level 13. HP: 88/88 MP: 16/16
 14087 | Lair:5   | Entered Level 5 of the Lair of Beasts
 14087 | Lair:5   | Noticed Urug
 14273 | Lair:5   | Killed Urug
 15452 | D:3      | Killed Ijyb
 15548 | D:3      | Killed Natasha
 15616 | D:3      | Killed EnigmaSakura's ghost
 15789 | D:3      | Killed Terence
 15806 | D:3      | Found a hazy altar of Hepliaklqana.
 16025 | D:3      | Noticed Natasha
 16027 | D:3      | Killed Natasha
 16377 | D:3      | Noticed Natasha
 16378 | D:3      | Killed Natasha
 16590 | D:7      | Killed Azoth's ghost
 16895 | Lair:5   | Reached skill level 10 in Fighting
 16896 | Lair:5   | Reached XP level 14. HP: 74/99 MP: 12/17
 16914 | Lair:5   | Reached skill level 1 in Evocations
 17060 | Lair:5   | Found a viscous altar of Jiyva.
 17061 | Lair:5   | Found a staircase to the Slime Pits.
 17389 | Lair:5   | Reached skill level 6 in Dodging
 17764 | Lair:5   | Reached skill level 7 in Dodging
 19105 | D:10     | Entered Level 10 of the Dungeon
 19264 | D:10     | Noticed Erolcha
 19706 | D:10     | Killed Erolcha
 19707 | D:10     | Reached skill level 8 in Dodging
 19913 | D:10     | Found an ornate altar of the Wu Jian Council.
 19963 | D:10     | Reached skill level 5 in Evocations
 20335 | D:10     | Found an ornate altar of the Wu Jian Council.
 20920 | D:11     | Noticed Gastronok
 20931 | D:11     | Killed Gastronok
 21036 | D:11     | Reached skill level 9 in Dodging
 21138 | D:11     | Noticed Amaemon
 21150 | D:11     | Killed Amaemon
 21289 | D:11     | Noticed Snorg
 21302 | D:11     | Killed Snorg
 21303 | D:11     | Reached skill level 10 in Dodging
 21474 | D:11     | Noticed Psyche
 21476 | D:11     | Killed Psyche
 22115 | D:10     | Identified the staff "Seugies" {rF+ rCorr Necro Fire}
 22378 | D:12     | Reached skill level 11 in Dodging
 22472 | D:12     | Noticed a frost giant
 23532 | D:12     | Found a staircase to the Orcish Mines.
 23651 | D:12     | Identified a scroll of acquirement
 23892 | D:12     | Reached skill level 12 in Dodging
 23892 | D:12     | Reached XP level 15. HP: 103/103 MP: 18/18
 23896 | D:12     | Acquired the +4 longbow "Wudoat" {elec, Will+}
 23932 | D:12     | Killed a frost giant
 24034 | D:12     | Identified the ring "Homeh" {MP+9 SInv}
 24084 | D:12     | Identified the amulet of Remeum {RegenMP Will+ Regen+
                  | Slay+3}
 24161 | Orc:1    | Entered Level 1 of the Orcish Mines
 24512 | Orc:2    | Entered Level 2 of the Orcish Mines
 24769 | Orc:2    | Found Miupeh's Book Shoppe.
 24796 | Orc:2    | Found a radiant altar of Vehumet.
 24809 | Orc:2    | Found Cuegu's Distillery.
 24831 | Orc:2    | Noticed Nergalle
 24836 | Orc:2    | Killed Nergalle
 24841 | Orc:2    | Bought a potion of cancellation for 112 gold pieces
 24841 | Orc:2    | Bought a potion of curing for 42 gold pieces
 24841 | Orc:2    | Bought a potion of haste for 140 gold pieces
 24843 | Orc:2    | Found an ancient bone altar of Kikubaaqudgha.
 24883 | Orc:2    | Found Ytouk's Book Shoppe.
 24899 | Orc:2    | Found Ihyc's Antique Weapon Emporium.
 24907 | Orc:2    | Bought a jewelled orcbow for 187 gold pieces
 24907 | Orc:2    | Identified the +4 orcbow "ragingrage's Death" {freeze,
                  | Str+2} (You bought it in a shop on level 2 of the Orcish
                  | Mines)
 25244 | Orc:2    | Found a staircase to the Elven Halls.
 25784 | D:13     | Identified the +1 spear of Dung {flame, rPois rF+ Int-3}
 25928 | D:13     | Found a gate to the Vaults.
 25955 | D:13     | Reached ****** piety under Hepliaklqana
 26088 | D:13     | Found a large runed translucent door.
 26088 | D:13     | Found a large runed translucent door.
 26095 | D:13     | Noticed Suamaseekk's ghost (journeyman DsAl)
 26371 | D:13     | Killed Suamaseekk's ghost
 26616 | Lair:2   | Found a staircase to the Swamp.
 26641 | Swamp:1  | Entered Level 1 of the Swamp
 26758 | Swamp:2  | Noticed a fenstrider witch
 26759 | Swamp:2  | Found a runed translucent door.
 26761 | Swamp:2  | Noticed a fenstrider witch
 26767 | Swamp:2  | Killed a fenstrider witch
 26771 | Swamp:2  | Killed a fenstrider witch
 26774 | Swamp:2  | Noticed a fenstrider witch
 26783 | Swamp:2  | Killed a fenstrider witch
 26941 | Swamp:3  | Noticed a fenstrider witch
 26947 | Swamp:3  | Killed a fenstrider witch
 26978 | Swamp:3  | Reached XP level 16. HP: 114/114 MP: 19/19
 26982 | Swamp:3  | Identified the +1 robe "Nak Regg" {rC+ Int-2 SInv}
 27108 | Swamp:4  | Entered Level 4 of the Swamp
 27328 | Swamp:4  | Got a decaying rune of Zot
 27331 | Swamp:4  | Got a mossy gem with 1104 turns to spare
 27874 | Spider:1 | Entered Level 1 of the Spider Nest
 28107 | Spider:1 | Reached skill level 1 in Armour
 28119 | Spider:1 | Reached skill level 5 in Stealth
 28160 | Spider:1 | Found a glacial archway.
 28180 | IceCv    | Entered an ice cave
 28221 | IceCv    | Found a transporter.
 28233 | IceCv    | Found a transporter.
 28250 | IceCv    | Identified the amulet "Pouwkeet" {rPois Will+ Regen+ Dex+3}
 28319 | IceCv    | Identified the amulet of Jedi Fibaj {RegenMP ^Drain rElec
                  | Dex-3 Slay+4}
 28321 | IceCv    | Got the Incunabulum of Hail
 28526 | Spider:2 | Reached XP level 17. HP: 119/119 MP: 20/20
 28728 | Spider:3 | Reached skill level 13 in Dodging
 28852 | Spider:4 | Entered Level 4 of the Spider Nest
 28876 | Spider:4 | Learned a level 2 spell: Blink
 28905 | Spider:4 | Reached skill level 10 in Evocations
 29155 | Spider:4 | Reached skill level 5 in Armour
 29308 | Spider:4 | Reached skill level 5 in Invocations
 29344 | Spider:4 | Got a gossamer rune of Zot
 29362 | Spider:4 | Got a milky-white gem with 1240 turns to spare
 29495 | Spider:4 | Reached skill level 14 in Dodging
 30137 | D:14     | Noticed Rupert
 30144 | D:14     | Killed Rupert
 30250 | D:14     | Reached XP level 18. HP: 126/126 MP: 22/22
 30437 | D:14     | Found a huge runed translucent gate.
 30437 | D:14     | Found a huge runed translucent gate.
 30437 | D:14     | Found a huge runed translucent gate.
 30437 | D:14     | Found a huge runed translucent gate.
 30437 | D:14     | Found a huge runed translucent gate.
 30437 | D:14     | Found a huge runed translucent gate.
 30437 | D:14     | Found a huge runed translucent gate.
 30437 | D:14     | Found a huge runed translucent gate.
 30437 | D:14     | Found a huge runed translucent gate.
 30438 | D:14     | Found a huge runed translucent gate.
 30439 | D:14     | Found a huge runed translucent gate.
 30440 | D:14     | Found a huge runed translucent gate.
 30442 | D:14     | Found a huge runed translucent gate.
 30442 | D:14     | Found a huge runed translucent gate.
 30442 | D:14     | Found a huge runed translucent gate.
 30447 | D:14     | Found a huge runed translucent gate.
 30598 | D:14     | Found a huge runed translucent gate.
 30598 | D:14     | Found a huge runed translucent gate.
 30598 | D:14     | Found a huge runed translucent gate.
 30598 | D:14     | Found a huge runed translucent gate.
 30599 | D:14     | Found a huge runed translucent gate.
 30600 | D:14     | Found a huge runed translucent gate.
 30601 | D:14     | Found a huge runed translucent gate.
 30606 | D:14     | Found a huge runed translucent gate.
 30607 | D:14     | Found a huge runed translucent gate.
 30608 | D:14     | Found a huge runed translucent gate.
 30609 | D:14     | Found a huge runed translucent gate.
 30610 | D:14     | Found a huge runed translucent gate.
 30611 | D:14     | Found a huge runed translucent gate.
 30611 | D:14     | Found a huge runed translucent gate.
 30615 | D:14     | Found a huge runed translucent gate.
 30616 | D:14     | Found a huge runed translucent gate.
 30617 | D:14     | Found a huge runed translucent gate.
 30617 | D:14     | Found a huge runed translucent gate.
 30619 | D:14     | Found a huge runed translucent gate.
 30620 | D:14     | Found a huge runed translucent gate.
 30886 | D:14     | Noticed a hellephant
 30925 | D:15     | Entered Level 15 of the Dungeon
 31041 | D:15     | Found a one-way gate to the infinite horrors of the Abyss.
 31041 | D:15     | Noticed DeathSocks's ghost (adept VSBr)
 31053 | D:15     | Found a transporter.
 31155 | D:15     | Found an iron altar of Okawaru.
 31492 | D:15     | Found a transporter.
 31512 | D:15     | Noticed Louise
 31524 | D:15     | Killed Louise
 31653 | D:15     | Reached skill level 15 in Dodging
 31691 | D:15     | Found a staircase to the Depths.
 31902 | Elf:1    | Entered Level 1 of the Elven Halls
 32583 | Elf:3    | Entered Level 3 of the Elven Halls
 33075 | Elf:3    | Identified the +10 halberd of the Gloaming {elec, rPois rC-
                  | rN+++ Dex+2}
 33141 | Elf:3    | Got a shimmering gem with 812 turns to spare
 33169 | Elf:3    | Identified the staff "Hellblazer" {rF+ rN+ Fire}
 33181 | Elf:3    | Identified the staff of Evil {rElec Int+6 Air}
 33230 | Elf:3    | Reached XP level 19. HP: 136/136 MP: 24/24
 33265 | Elf:3    | Identified the +3 leather armour "Xumed" {rC+ rN+}
 33287 | Elf:3    | Identified the +2 leather armour of Qazlal's Inspiration
                  | {Will+ Str+4}
 33309 | Elf:3    | Got the Anthology of Overhead Decomposition
 33701 | D:6      | Bought a book of Unlife for 504 gold pieces
 33708 | D:6      | Learned a level 6 spell: Death Channel
 33714 | D:6      | Learned a level 5 spell: Borgnjor's Vile Clutch
 33885 | Vaults:1 | Entered Level 1 of the Vaults
 33983 | Vaults:1 | Reached skill level 16 in Dodging
 33983 | Vaults:1 | Reached skill level 1 in Necromancy
 33983 | Vaults:1 | Reached skill level 1 in Earth Magic
 34153 | Vaults:2 | Reached skill level 10 in Stealth
 34167 | Vaults:2 | Noticed Norris
 34179 | Vaults:2 | Killed Norris
 34317 | Vaults:3 | Noticed Mennas
 34430 | Vaults:3 | Identified the +1 pair of gloves of the Burnt God {Rampage
                  | Slay+3}
 34783 | Vaults:4 | Reached skill level 5 in Necromancy
 34856 | Vaults:4 | Reached skill level 5 in Earth Magic
 34888 | Vaults:4 | Reached skill level 17 in Dodging
 34957 | Vaults:5 | Entered Level 5 of the Vaults
 35033 | Vaults:5 | Noticed an ancient lich
 35044 | Vaults:5 | Killed an ancient lich
 35140 | Vaults:5 | Reached XP level 20. HP: 124/143 MP: 20/26
 35291 | Vaults:5 | Reached skill level 18 in Dodging
 35324 | Vaults:5 | Identified the +9 shortbow "Vueff" {freeze, rN+}
 35369 | Vaults:5 | Noticed a golden dragon
 35378 | Vaults:5 | Killed a golden dragon
 35379 | Vaults:5 | Reached skill level 1 in Spellcasting
 35382 | Vaults:5 | Noticed a dread lich
 35390 | Vaults:5 | Killed a dread lich
 35391 | Vaults:5 | Reached skill level 10 in Necromancy
 35699 | Vaults:5 | Noticed an ancient lich
 35715 | Vaults:5 | Killed an ancient lich
 35843 | Vaults:5 | Identified the staff of the Witching Badger {rF- rC+++
                  | Str-2 Ice Earth}
 35915 | Vaults:5 | Noticed an ancient lich
 35931 | Vaults:5 | Killed an ancient lich
 36034 | Vaults:5 | Identified the +3 long sword "Effalic" {vamp, Will+}
 36176 | Vaults:5 | Reached XP level 21. HP: 148/148 MP: 27/27
 36198 | Vaults:5 | Got a shining gem with 1713 turns to spare
 36205 | Vaults:5 | Got a silver rune of Zot
 36249 | Vaults:5 | Identified the +3 chain mail of Hepliaklqana's Favour
                  | {rPois Dex-5 Stlth+}
 36345 | Vaults:5 | Identified the +3 ring mail of the Things {rF- Slay+6
                  | Stlth+}
 36402 | Vaults:5 | Noticed an ancient lich
 36410 | Vaults:5 | Killed an ancient lich
 36530 | Vaults:4 | Noticed Zenata
 36805 | Vaults:1 | Noticed Nikola
 36813 | Vaults:1 | Killed Nikola
 37009 | Depths:1 | Entered Level 1 of the Depths
 37084 | Depths:1 | Identified the +3 quarterstaff of the Grave {antimagic,
                  | ^Drain rC+ Int+5}
 37157 | Depths:2 | Reached skill level 15 in Necromancy
 37194 | Depths:2 | Noticed a golden dragon
 37200 | Depths:2 | Noticed a golden dragon
 37231 | Depths:3 | Found Afif's Distillery.
 37244 | Depths:3 | Bought a potion of heal wounds for 95 gold pieces
 37244 | Depths:3 | Bought a potion of heal wounds for 95 gold pieces
 37244 | Depths:3 | Bought a potion of berserk rage for 95 gold pieces
 37428 | Depths:2 | Reached skill level 15 in Fighting
 37452 | Depths:3 | Found Leheax's Weapon Boutique.
 37456 | Depths:3 | Found Dupy Naiv's Assorted Antiques.
 37519 | Depths:3 | Noticed a golden dragon
 37528 | Depths:3 | Killed a golden dragon
 37539 | Depths:4 | Entered Level 4 of the Depths
 37563 | Depths:4 | Found a gate to the Realm of Zot.
 37590 | Depths:4 | Noticed a golden dragon
 37592 | Depths:4 | Identified the +7 spear "Juxiy" {freeze, rC+ MP+9}
 37753 | Depths:4 | Noticed a juggernaut
 37763 | Depths:4 | Killed a juggernaut
 37810 | Depths:4 | Learned a level 3 spell: Fugue of the Fallen
 37963 | Depths:4 | Noticed a caustic shrike
 37973 | Depths:4 | Killed a caustic shrike
 38011 | Depths:4 | Reached XP level 22. HP: 159/162 MP: 19/28
 38110 | Depths:4 | Killed a golden dragon
 38115 | Depths:4 | Reached skill level 5 in Spellcasting
 38153 | Depths:4 | Found a gateway to Hell.
 38159 | Depths:4 | Found a one-way gate leading to the halls of Pandemonium.
 38331 | Zot:1    | Entered Level 1 of the Realm of Zot
 38447 | Zot:1    | Reached skill level 19 in Dodging
 38527 | Zot:3    | Noticed a golden dragon
 38528 | Zot:3    | Noticed a golden dragon
 38555 | Zot:3    | Killed a golden dragon
 38569 | Zot:3    | Killed a golden dragon
 38576 | Zot:3    | Found the +4 dragonskin cloak
 38576 | Zot:3    | Noticed Tiamat
 38597 | Zot:2    | Noticed an orb of fire
 38611 | Zot:2    | Gained mutation: You are weak. (Str -2) [an orb of fire]
 38614 | Zot:2    | Gained mutation: Your magical capacity is low. (-10% MP)
                  | [an orb of fire]
 38624 | Zot:2    | Gained mutation: You are very weak. (Str -4) [an orb of
                  | fire]
 38627 | Zot:2    | Killed an orb of fire
 38761 | Zot:2    | Reached skill level 20 in Dodging
 38844 | Zot:2    | Noticed a golden dragon
 38853 | Zot:2    | Killed a golden dragon
 38861 | Zot:2    | Noticed a curse toe
 38910 | Zot:3    | Noticed a golden dragon
 38917 | Zot:3    | Killed a golden dragon
 38989 | Zot:3    | Noticed a Killer Klown
 39000 | Zot:3    | Killed a Killer Klown
 39023 | Zot:3    | Reached skill level 21 in Dodging
 39102 | Zot:3    | Noticed an orb of fire
 39115 | Zot:3    | Killed an orb of fire
 39255 | Zot:3    | Reached XP level 23. HP: 120/168 MP: 27/27
 39335 | Zot:4    | Killed from afar by a black draconian

Illustrated notes

Levels and vault maps discovered:
D:1:      eino_arrival_cavern_e, layout_rooms,
          nicolae_ecumenical_snake_handling, minmay_door_square,
          minmay_box_of_dots
D:2:      layout_basic, minmay_gold_behind_fungi
D:3:      layout_loops_corners, nicolae_hepliaklqana_hippocampus,
          gammafunk_ghost_necromancy, serial_bayou_lake_a, uniq_ijyb,
          uniq_natasha, uniq_terence
D:4:      cheibrodos_greedy_goblins, layout_basic, kennysheep_orc_sif_temple,
          minmay_temple_entry_wispy, minmay_misc_feat_hallway,
          hangedman_abyss_or_decor_jellyfish_corner
D:5:      layout_loops_ring, mainiacjoe_overflow_small_starburst, serial_shops,
          shop, nrook_mini_backslash, uniq_grinder, uniq_edmund
D:6:      layout_loops_ring, fedhas_bush_and_centaur_altar,
          mainiacjoe_overflow_tiny_flanked, serial_shops,
          nicolae_shop_back_alley_shop
D:7:      layout_loops_corners, kennysheep_mini, elyvilon_altar_4,
          gammafunk_ghost_grave
D:8:      nicolae_hitomezashi [nicolae_hito_row, nicolae_hito_row,
          nicolae_hito_row, nicolae_hito_row, nicolae_hito_row,
          nicolae_hito_row, nicolae_hito_row, nicolae_hito_row,
          nicolae_hito_row, nicolae_hito_row, nicolae_hito_row,
          nicolae_hito_row, nicolae_hito_row, nicolae_hito_row,
          nicolae_hito_row, nicolae_hito_row, nicolae_hito_row,
          nicolae_hito_row], layout_cave_pools, enter_bailey_8, abandoned_shop
D:9:      minmay_the_grid_3x2 [minmay_the_grid_broken_lines,
          minmay_the_grid_armoury, minmay_the_grid_tri_star,
          minmay_the_grid_plusring, minmay_the_grid_holed_spiral,
          minmay_the_grid_prize_four_corners_diamond_b], layout_cave_pods,
          corexii_hall_statues_deadend, corexii_checkpoint
D:10:     cheibrodos_elevator_heist, layout_basic, mainiacjoe_overflow_alcove_4,
          uniq_erolcha
D:11:     layout_long_grid, minmay_misc_feat_iff, nicolae_zig_zag_zippers,
          uniq_snorg, uniq_gastronok, uniq_amaemon, uniq_psyche
D:12:     minmay_strange_plus, layout_grid_maze, orc_0_dummy
D:13:     layout_basic, david_vaults_2, ebering_ghost_disaster_area
D:14:     layout_irregular_city, not_door_vault_due, uniq_rupert
D:15:     grunt_enter_depths_magical_seal, layout_loops_ring,
          gammafunk_ghost_abyssal_escape, good_gods_mini_temple,
          ebering_dispersal_statue_hall, okawaru_metal_pillars_1_2, uniq_louise
Lair:1:   layout_loops_ring, minmay_lair_oklob_items, grunt_megastairs_4,
          serial_bayou_shore_b
Lair:2:   layout_hall_layers, nicolae_swamp_entry_splash_gauntlet,
          ldierk_geyser, lemuel_fruit_fields, grunt_megastairs_1
Lair:3:   layout_chaotic_city, nicolae_spider_entry_tight_spaces,
          kennysheep_snail_temple, infiniplex_staircase_pool
Lair:4:   slaughterhouse, layout_regular_city, lemuel_fruit_fields
Lair:5:   evilmike_catoblepas_cave, layout_misc_corridors,
          dpeg_slime_entry_corner, uniq_urug
Swamp:1:  layout_basic_swamp, nicolae_swamp_round_clearing,
          infiniplex_staircase_pool_2
Swamp:2:  layout_falls_marsh, evilmike_swamp_ruin_rubble_1, swamp_pool_4,
          hangedman_swamp_pad, nzn_swamp_weyward_sisters
Swamp:3:  layout_falls_marsh, evilmike_swamp_ruin_house_3
Swamp:4:  swamp_icy, layout_basic_swamp, swamp_pool_1_2
Spider:1: layout_spider_delve, portal_ice_cave_entry_ugly_swarm,
          dreamdust_wasp_nest
Spider:2: layout_chambers
Spider:3: nicolae_spider_hall_of_the_moth_king
Spider:4: floodkiller_spider_rune_tomb, nicolae_spider_moth_buddies
Orc:1:    layout_caves, basic_altar, nicolae_orc_crystal_geode
Orc:2:    kennysheep_orc_mage_school, layout_diamond_mine, nooodl_orcs_dogs
Elf:1:    layout_geoelf_diagonals, minivault_28, hellmonk_elf_help
Elf:2:    nicolae_elf_blades_crystal_corner, layout_gridlike, st_stairs_1,
          corexii_leaking_fountain
Elf:3:    elf_hall_gauntlet_wide, layout_geoelf_diagonals
Vaults:1: v_misc_13, nicolae_vaults_lightning_bolt,
          nicolae_vaults_heart-shaped_vault, hangedman_vaults_locks,
          nicolae_vaults_closet_pinwheel_1, ontoclasm_vaults_chip,
          nicolae_vaults_network_quincunx
          [nicolae_vaults_network_quincunx_subvault,
          nicolae_vaults_network_quincunx_subvault,
          nicolae_vaults_network_quincunx_subvault,
          nicolae_vaults_network_quincunx_subvault,
          nicolae_vaults_network_quincunx_subvault], nicolae_vaults_wine_cellar,
          vaults_room_guarded_vault, v_misc_19, v_misc_23, v_misc_8,
          layout_vaults_omnibox, uniq_nikola
Vaults:2: hangedman_vaults_cutoff, nicolae_vaults_frosty_reception,
          nicolae_vaults_sesquioval_fish, hangedman_vaults_impose, v_misc_9,
          nicolae_vaults_doubleplus_tesselated, vaults_room_pool,
          nicolae_vaults_closet_pinwheel_1, nicolae_vaults_apartment_2,
          layout_vaults_big_room, uniq_norris
Vaults:3: nicolae_vaults_closet_pinwheel_6, minmay_crypt_entry_simple_walls,
          minmay_orc_keep, nicolae_vaults_gold_heap, vaults_room_corners,
          vaults_room_pool, serial_ice_b, layout_vaults_omnicross, serial_shops,
          shop, uniq_mennas
Vaults:4: v_pattern_3, nicolae_vaults_mini_display_case,
          nicolae_vaults_door_testing_chamber, vaults_standard_mumra_x,
          nicolae_vaults_storage_closets_2, st_more_cells,
          nicolae_vaults_trapezoid_layered, nicolae_vaults_six-pack,
          nicolae_vaults_oval_intersection, ontoclasm_vaults_decontamination,
          layout_vaults_omnigrid, uniq_jory, uniq_zenata
Vaults:5
Depths:1: layout_twisted_cross, enter_ziggurat_b, lemuel_statue_altar,
          lightli_too_deep, nicolae_hexahallways, kennysheep_potato,
          firewood_loft
Depths:2: minmay_connected_boxes_in_corner, layout_honeycomb,
          grunt_hell_entry_dis_grunt, pan_entry, dk_noncrumbling_2,
          serial_sigils_hangedman_writhe, minmay_misc_feat_x,
          infiniplex_staircase_spiral_double
Depths:3: kennysheep_water_balloons, layout_cave_shapes, minmay_crystal_water,
          abyss_entry_small_statue_room, pf_hell_entry_tar_spiral, serial_shops,
          nicolae_shop_gibbet_a_chance, shop, shop_statue, minmay_misc_feat_chi,
          item_on_display_a, minmay_shop_star,
          minmay_staircase_statues_hall_small, serial_bayou_shore_b
Depths:4: hangedman_pleasuredromes, hell_entry, pan_entry, abyss_entry
Zot:1:    regret_index_zot_pan_timeshare, layout_gridlike
Zot:2:    layout_misc_corridors, st_stairs_14
Zot:3:    grunt_zot_stairs_mandelzot, layout_gridlike,
          hangedman_spider_trapstep, uniq_tiamat
Zot:4:    layout_gridville, regret_index_zotdec_tunneler, bh_zot_lava_cross,
          hangedman_swamp_dais

Skill      XL: |  1  2  3  4  5  6  7  8  9 10 11 12 13 14 15 16 17 18 19 20 21 22 |
---------------+-------------------------------------------------------------------+-----
Ranged Weapons | 4 5 6 7 8 10 12 14 15 16 18 19 20 | 20.0
Stealth        | 2 4 6 7 8 10 | 10.0
Fighting       | 3 4 5 8 10 12 14 17 | 17.0
Invocations    | 3 4 6 7 8 9 |  9.3
Dodging        | 5 12 14 15 17 18 21 | 21.0
Evocations     | 5 9 11 12 | 12.8
Armour         | 2 5 |  5.5
Necromancy     | 7 14 15 | 15.0
Earth Magic    | 5 6 8 9 |  9.0
Spellcasting   | 4 5 |  5.0

Action                     |  1- 3 |  4- 6 |  7- 9 | 10-12 | 13-15 | 16-18 | 19-21 | 22-24 || total
---------------------------+-------+-------+-------+-------+-------+-------+-------+-------++-------
  Melee: Whip              |       |    46 |     7 |       |       |       |       |       ||    53
         Punch             |       |     2 |       |       |       |       |       |       ||     2
         Bite              |       |     3 |     1 |       |       |       |       |       ||     4
         Orcbow            |       |       |     1 |       |       |       |       |       ||     1
   Fire: Shortbow          |   127 |   193 |    60 |       |       |       |       |       ||   380
         Orcbow            |       |       |   429 |    91 |       |       |       |       ||   520
         Arbalest          |       |       |       |   512 |   779 |       |       |       ||  1291
         Longbow           |       |       |       |       |   429 |  1400 |  1374 |   472 ||  3675
  Throw: Dart              |       |       |       |     3 |       |       |     1 |       ||     4
         Throwing net      |       |       |       |     2 |       |       |       |       ||     2
   Cast: Borgnjor's Vile C |       |       |       |       |       |       |    14 |     4 ||    18
         Death Channel     |       |       |       |       |       |       |     2 |     5 ||     7
         Fugue of the Fall |       |       |       |       |       |       |       |     5 ||     5
 Invoke: Recall Ancestor   |       |       |     4 |    13 |     7 |     4 |    12 |     3 ||    43
         Ancestor Life: Kn |       |       |       |     1 |       |       |       |       ||     1
         Idealise          |       |       |       |       |     4 |     6 |     7 |     4 ||    21
         Transference      |       |       |       |       |       |     2 |     1 |       ||     3
  Evoke: Wand              |       |       |       |     1 |     1 |    12 |     8 |     5 ||    27
         Phial of floods   |       |       |       |       |     2 |       |     1 |       ||     3
         Sack of spiders   |       |       |       |       |     1 |       |     2 |       ||     3
         Lightning rod     |       |       |       |       |       |     8 |       |       ||     8
         Phantom mirror    |       |       |       |       |       |     2 |     1 |     1 ||     4
         Tin of tremorston |       |       |       |       |       |       |     1 |     1 ||     2
    Use: Scroll            |       |     7 |     7 |     6 |     8 |     4 |     5 |    16 ||    53
         Potion            |       |     3 |     2 |       |     2 |       |     1 |     5 ||    13
 Armour: Leather armour    |    34 |    76 |   167 |     6 |       |       |   208 |   160 ||   651
         Skin              |       |    17 |       |       |       |       |       |       ||    17
         Ring mail         |       |       |       |   210 |   175 |   101 |       |       ||   486
         Troll leather arm |       |       |       |       |    85 |   187 |    14 |       ||   286
  Dodge: Dodged            |    29 |    77 |   142 |   155 |   328 |   587 |   535 |   257 ||  2110

Table legend: (Time is in decaauts)
 A = Elapsed time spent in this place.
 B = Non-inter-level travel time spent in this place.
 C = Inter-level travel time spent in this place.
 D = Time resting spent in this place.
 E = Time spent auto-exploring this place.
 F = Levels seen in this place.
 G = Mean time per level.
                   A        B        C        D        E       F      G
               +--------+--------+--------+--------+--------+-----+--------+
         Total |  38918 |  34828 |   4090 |   4188 |  16770 |  48 |  810.8 |
       Dungeon |  21720 |  19132 |   2588 |   3182 |  12610 |  15 | 1448.0 |
          Lair |   6258 |   5511 |    747 |    747 |   3255 |   5 | 1251.6 |
         Swamp |   1232 |   1103 |    129 |      4 |      0 |   4 |  308.0 |
   Spider Nest |   1642 |   1528 |    114 |      1 |      0 |   4 |  410.5 |
  Orcish Mines |   1362 |   1281 |     81 |    114 |    861 |   2 |  681.0 |
   Elven Halls |   1286 |   1222 |     64 |      1 |      0 |   3 |  428.7 |
        Vaults |   2739 |   2424 |    315 |      0 |      0 |   5 |  547.8 |
        Depths |   1185 |   1145 |     40 |      0 |      0 |   4 |  296.2 |
           Zot |    902 |    892 |     10 |     18 |      0 |   4 |  225.5 |
        Bailey |    378 |    378 |      0 |     71 |     43 |   1 |  378.0 |
      Ice Cave |    210 |    210 |      0 |     48 |      0 |   1 |  210.0 |
               +--------+--------+--------+--------+--------+-----+--------+

Top non-repeatable levels by time:
     D:9: 2922 daAuts
     D:3: 2825 daAuts
    D:12: 2200 daAuts
    D:10: 2155 daAuts
  Lair:5: 1452 daAuts
     D:4: 1360 daAuts
     D:7: 1354 daAuts
     D:5: 1331 daAuts
  Lair:1: 1284 daAuts
Vaults:5: 1283 daAuts
  Lair:3: 1241 daAuts
    D:11: 1228 daAuts
     D:2: 1206 daAuts
  Lair:4: 1190 daAuts
  Lair:2: 1090 daAuts
